 Dungeon Crawl Stone Soup version 0.16-a0-3978-g2211e24 (webtiles) character file.

148 oshikia the Covert (level 5, 0/34 HPs)
             Began as an Octopode Assassin on Feb 12, 2015.
             Was a Follower of Dithmenos.
             Slain by a gnoll
             ... wielding a +0 spear
              (7 damage)
             ... on level 3 of the Dungeon.
             The game lasted 00:07:25 (2089 turns).

oshikia the Covert (Octopode Assassin)              Turns: 2089, Time: 00:07:25

Health: 0/34       AC:  4    Str: 10    XL:     5   Next: 30%
Magic:  5/5        EV: 12    Int: 14    God:    Dithmenos [*.....]
Gold:   183        SH:  0    Dex: 14    Spells: 0 memorised, 4 levels left

rFire  . . .     SeeInvis +     a - +2 dagger
rCold  . . .     Clarity  .     (no shield)
rNeg   + . .     SustAb   .     (helmet restricted)
rPois  +         Gourm    .     x - amulet of resist corrosion
rElec  .         Spirit   .     h - +3 ring of protection
rCorr  +         Warding  .     q - ring of poison resistance
rMut   .         Stasis   .     s - ring of positive energy
MR     .....                    t - ring of see invisible
Stlth  +++++++...               y - ring of stealth
                                (no ring)
                                (no ring)
                                (no ring)

@: wreathed by umbra, not resistant to hostile enchantments, extremely stealthy
A: almost no armour, amphibious, 8 rings, constrict 8, camouflage 1, gelatinous
body 1
a: Renounce Religion


You were on level 3 of the Dungeon.
You worshipped Dithmenos.
Dithmenos was aware of your devotion.
You were near starving.

You visited 1 branch of the dungeon, and saw 3 of its levels.

You collected 183 gold pieces.

Inventory:

Hand weapons
 a - a +2 dagger (weapon)
 b - a +0 blowgun
Missiles
 e - 31 poisoned needles
 f - 2 curare-tipped needles
Jewellery
 h - a +3 ring of protection (left tentacle)
 q - a ring of poison resistance (right tentacle)
 s - a ring of positive energy (on tentacle)
 t - a ring of see invisible (on tentacle)
 x - an amulet of resist corrosion (around mantle)
 y - a ring of stealth (on tentacle)
Scrolls
 c - 2 scrolls of identify
 d - a scroll of random uselessness
 j - a scroll of remove curse
 l - 2 scrolls of teleportation {unknown}
 o - a scroll of immolation {unknown}
 u - a scroll of recharging {unknown}
 v - a scroll of noise {unknown}
Potions
 m - 2 potions of brilliance {unknown}
 n - 3 potions of curing {unknown}
 r - a potion of poison {unknown}
 w - 2 potions of berserk rage {unknown}
Comestibles
 g - 2 bread rations
 i - a beef jerky
 p - 4 meat rations


   Skills:
 + Level 2.2 Fighting
 - Level 2.0 Short Blades
 - Level 2.2 Throwing
 + Level 1.6 Dodging
 * Level 8.4 Stealth


You had 4 spell levels left.
You didn't know any spells.

Dungeon Overview and Level Annotations

Branches:
Dungeon (3/15)

Altars:
Ashenzari
Dithmenos
Gozag
Qazlal
Vehumet
Yredelemnul
Zin


Innate Abilities, Weirdness & Mutations

You cannot wear most types of armour.
You are amphibious.
You can wear up to eight rings at the same time.
You can use your tentacles to constrict many enemies at once.
Your skin changes colour to match your surroundings (Stealth).
Your rubbery body absorbs attacks (AC +1).


Message History

Read which item? (? for menu, Esc to quit)
As you read the scroll labeled SAOMEUT GECK, it crumbles to dust.
It is a scroll of identify.
Identify which item? (\ to view known items) (? for menu, Esc to quit)
d - a scroll of random uselessness The gnoll closely misses you.
Read which item? (? for menu, Esc to quit)
As you read the scroll labeled UDDUFA CETT, it crumbles to dust.
You feel as if something is helping you.
It was a scroll of remove curse.
The gnoll hits you from afar with a spear.
* * * LOW HITPOINT WARNING * * *
The gnoll hits you with a spear.
* * * LOW HITPOINT WARNING * * *
Read which item? (? for menu, Esc to quit)
As you read the scroll labeled SHUZXEJUCE, it crumbles to dust.
The scroll dissolves into smoke.
It was a scroll of fog.
The big kobold moves out of view.
The gnoll barely misses you. The gnoll hits you with a spear!
You die...

###############
≈≈≈≈≈≈≈≈≈≈≈≈≈≈########
≈≈≈≈≈≈≈≈≈≈≈≈≈≈≈≈≈≈≈≈≈####
≈≈≈≈≈≈≈≈≈≈≈≈≈≈≈#####≈≈≈≈##
################K$g#≈≈≈≈≈##
#..............#$$g#≈≈≈≈≈≈#
+.......)......#$Kg#≈≈≈≈≈≈##
#..............##g##≈≈≈≈≈≈≈#
....########...§@g#≈≈≈≈≈≈≈≈##
....# #.)(§§§#≈≈≈≈≈≈≈≈≈# ....#
#....§(#≈≈≈≈≈≈≈≈≈# #......
.......##+##≈≈≈≈≈≈≈≈##
+..............# #≈≈≈≈≈≈≈≈≈#
#..............# #≈≈≈≈≈≈≈≈≈#
################ #≈≈≈≈≈≈≈≈≈#
≈≈≈≈≈≈≈≈≈≈≈≈≈≈≈#####≈≈≈≈≈≈≈≈≈#
≈≈≈≈≈≈≈≈≈≈≈≈≈≈≈≈≈≈≈≈≈≈≈≈≈≈≈≈≈#


You could see a big kobold, 4 gnolls and a hobgoblin (sleeping).

Vanquished Creatures
  3 adders
  3 gnolls (D:3)
  2 worms
  3 giant geckos
  An orc (D:3)
  10 bats
  3 giant cockroaches
  13 goblins
  7 hobgoblins
  21 kobolds
  A quokka (D:2)
  2 giant newts (D:2)
  9 rats
78 creatures vanquished.

Notes
Turn   | Place    | Note
--------------------------------------------------------------
     0 | D:1      | oshikia, the Octopode Assassin, began the quest for the Orb.
     0 | D:1      | Reached XP level 1. HP: 14/14 MP: 1/1
   212 | D:1      | Reached XP level 2. HP: 16/19 MP: 2/2
   303 | D:1      | Reached skill level 6 in Stealth
   423 | D:1      | Reached XP level 3. HP: 24/24 MP: 3/3
   796 | D:2      | Reached skill level 7 in Stealth
   796 | D:2      | Reached XP level 4. HP: 20/29 MP: 4/4
   906 | D:2      | Found a shattered altar of Ashenzari.
   993 | D:2      | Found a shadowy altar of Dithmenos.
   996 | D:2      | Became a worshipper of Dithmenos the Shadowed
  1196 | D:3      | Found a basalt altar of Yredelemnul.
  1199 | D:3      | Found a radiant altar of Vehumet.
  1202 | D:3      | Found a stormy altar of Qazlal.
  1203 | D:3      | Found a shattered altar of Ashenzari.
  1206 | D:3      | Found an opulent altar of Gozag.
  1207 | D:3      | Found a glowing silver altar of Zin.
  1479 | D:3      | Reached skill level 8 in Stealth
  1525 | D:3      | Reached XP level 5. HP: 34/34 MP: 5/5
  2083 | D:3      | Noticed a big kobold
  2083 | D:3      | Noticed a big kobold
  2083 | D:3      | Noticed a big kobold
  2089 | D:3      | Slain by a gnoll

Action                   |  1- 3 |  4- 6 || total
-------------------------+-------+-------++-------
Melee: Dagger            |    71 |    20 ||    91
       Blowgun           |       |     3 ||     3
 Fire: Blowgun           |     7 |    44 ||    51
  Use: Scroll            |       |     3 ||     3
 Stab: Sleeping          |    11 |    14 ||    25
       Distracted        |       |     1 ||     1
  Eat: Chunk             |       |     2 ||     2
